 Seeded DCSS version 0.31-a0-222-gefeffbb62a (webtiles) character file.

Game seed: 14784897493659367010 (custom seed)

1785 innerfire43 the Cutter (level 8, -1/65 HPs)
             Began as a Demonspawn Monk on July 5, 2023.
             Was a Priest of Uskayaw.
             Slain by a wyvern (6 damage)
             ... on level 7 of the Dungeon.
             The game lasted 00:05:33 (5393 turns).

innerfire43 the Cutter (Demonspawn Monk)            Turns: 5393, Time: 00:05:33

Health: -1/65      AC:  9    Str: 14    XL:     8   Next: 81%
Magic:  8/8        EV:  8    Int: 11    God:    Uskayaw [***...]
Gold:   579        SH:  0    Dex: 16    Spells: 7/7 levels left

rFire   . . .        k - +0 short sword (drain)
rCold   . . .        d - orb {light}
rNeg    . . .        j - +0 steam dragon scales
rPois   .            m - +0 helmet of Eternity {-Tele rElec Slay+3}
rElec   +            (no cloak)
rCorr   .            (no gloves)
SInv    .            (no boots)
Will    .....        (no amulet)
Stlth   +            (no ring)
HPRegen 0.30/turn    (no ring)
MPRegen 0.11/turn

%: no teleportation
@: petrifying, glowing, very slow
A: icy blue scales 2, foul stench 2
a: Renounce Religion, Stomp, Line Pass


You were on level 7 of the Dungeon.
You worshipped Uskayaw.
Uskayaw was noncommittal.
You visited 1 branch of the dungeon, and saw 7 of its levels.
You also visited: Sewer.

You collected 579 gold pieces.

Inventory:

Hand Weapons
 a - a +0 short sword
 k - a +0 short sword of draining (weapon)
Armour
 b - a +0 robe
 d - an orb of light (worn)
 j - +0 steam dragon scales (worn)
 m - the +0 helmet of Eternity (worn) {-Tele rElec Slay+3}
   (You acquired it on level 2 of the Dungeon)

   Slay:      It affects your accuracy & damage with ranged weapons and melee
   (+3).
   rElec:     It insulates you from electricity.
   -Tele:     It prevents most forms of teleportation.
Jewellery
 y - an amulet of the acrobat
Wands
 z - a wand of polymorph (12)
Scrolls
 g - a scroll of silence {unknown}
 h - a scroll of enchant weapon {unknown}
 i - 2 scrolls of fear {unknown}
 l - a scroll of poison {unknown}
 o - 4 scrolls of immolation
 p - a scroll of noise {unknown}
 q - 8 scrolls of teleportation {unknown}
 s - 6 scrolls of identify {unknown}
 t - a scroll of vulnerability {unknown}
 u - 2 scrolls of revelation {unknown}
 x - a scroll of fog {unknown}
Potions
 e - 3 potions of lignification {unknown}
 f - a potion of degeneration {unknown}
 n - a potion of mutation {unknown}
 r - 2 potions of heal wounds {unknown}
 v - 4 potions of curing
 w - 2 potions of enlightenment


   Skills:
 + Level 6.4 Fighting
 * Level 7.9 Short Blades
 + Level 5.9 Dodging


You had 7 spell levels left.
You didn't know any spells.
Your spell library contained the following spells:

 Spells                   Type           Power      Damage    Failure   Level
 Sandblast                Erth           0%         2d4       34%         1
 Slow                     Hex            0%         N/A       34%         1
 Passwall                 Tmut/Erth      0%         N/A       47%         2
 Confusing Touch          Hex            0%         N/A       71%         3
 Gell's Gravitas          Tloc           0%         N/A       71%         3
 Stone Arrow              Conj/Erth      0%         3d7       71%         3
 Teleport Other           Tloc           0%         N/A       71%         3
 Vampiric Draining        Necr           0%         2d6       71%         3
 Olgreb's Toxic Radiance  Pois           0%         N/A       98%         4
 Dispersal                Tloc           0%         N/A       100%        6
 Discord                  Hex            0%         N/A       100%        8
 Ignition                 Fire           0%         3d3       100%        8


Dungeon Overview and Level Annotations

Branches:
Dungeon (7/15)             Temple (0/1) D:6           Sewer (visited)

Altars:
Ashenzari
Dithmenos
Makhleb
Qazlal
Sif Muna
Uskayaw
Xom
Yredelemnul


Innate Abilities, Weirdness & Mutations

You are mostly covered in icy blue scales. (AC +3)
You sometimes emit foul miasma when damaged in melee.


Message History

You feel sick. The sleepcap barely misses you. The orc hits you with a +0 club.
You emit a cloud of foul miasma!
The basilisk closely misses you. The wyvern completely misses you.
Unknown command.
You hit the basilisk.
The basilisk is moderately wounded.
You feel sick.
The wyvern bites you but does no damage.
The orc is engulfed in dark miasma.
The orc is poisoned.
The orc hits you but does no damage. The sleepcap releases spores at you.
You are engulfed in a cloud of soporific spores!
You fall asleep.
The basilisk gazes at you. You resist with some effort.
You feel sick. The wyvern bites you!
You wake up.
The orc is engulfed in dark miasma.
The orc looks even sicker.
The orc seems to slow down.
You kill the orc!
The basilisk gazes at you.
You are slowing down.
The sleepcap releases spores at you but does no damage.
You closely miss the basilisk.
The basilisk is moderately wounded.
The wyvern bites you.
* * * LOW HITPOINT WARNING * * *
The sleepcap releases spores at you.
* * * LOW HITPOINT WARNING * * *
You are engulfed in a cloud of soporific spores!
You are unaffected.
The basilisk bites you but does no damage.
The wyvern bites you!
* * * LOW HITPOINT WARNING * * *
You emit a cloud of foul miasma!
Your limbs are stiffening.
Unknown command.
You feel better.
The wyvern is engulfed in dark miasma.
The wyvern is poisoned.
The wyvern misses you. The basilisk bites you!
* * * LOW HITPOINT WARNING * * *
The sleepcap barely misses you.
The wyvern is engulfed in dark miasma.
The wyvern looks even sicker.
The wyvern bites you!
You die...

... #... #.( ##
##.### ### ...
#....# ..
....#+##?...##.#
.......#....#..##
......§)l...#...#
......f@#.....#
.......l##...##
##.#....###.##
#...###. #.# ##..
# #.# #. #.# ##
.⌠. #.#


You could see a basilisk (drained), a wyvern (very poisoned) and a sleepcap.

Vanquished Creatures
  Joseph (D:7)
  Prince Ribbit (D:6)
  A water moccasin (D:6)
  An orc warrior (D:7)
  An ice beast (D:5)
  A phantom (D:4)
  A bullfrog (D:6)
  2 kobold brigands (Sewer)
  3 scorpions
  A howler monkey (D:6)
  A jelly (D:6)
  2 hounds
  An orc priest (D:4)
  A sleepcap (D:6)
  4 iguanas
  2 orc wizards
  A river rat (Sewer)
  6 adders
  A white imp (D:6)
  An ufetubus (D:5)
  2 worms
  A dart slug (D:5)
  13 orcs
  8 ball pythons
  7 bats
  5 endoplasms
  3 giant cockroaches
  3 goblins (D:1)
  6 hobgoblins
  5 jackals
  4 quokkas
  5 frilled lizards
  18 kobolds
  11 rats
124 creatures vanquished.

Notes
Turn   | Place    | Note
-------+----------+-------------------------------------------
     0 | D:1      | innerfire43 the Demonspawn Monk began the quest for the
                  | Orb.
     0 | D:1      | Reached XP level 1. HP: 18/18 MP: 1/1
   161 | D:1      | Gained mutation: You may rarely emit foul miasma when
                  | damaged in melee. [demonic ancestry]
   161 | D:1      | Reached XP level 2. HP: 20/24 MP: 2/2
   215 | D:1      | Reached skill level 3 in Short Blades
   559 | D:1      | Reached XP level 3. HP: 28/28 MP: 3/3
  1176 | D:2      | Reached XP level 4. HP: 35/35 MP: 4/4
  1459 | D:2      | Identified a scroll of acquirement
  1459 | D:2      | Acquired the +0 helmet of Eternity {-Tele rElec Slay+3}
  1915 | D:3      | Found a shadowy altar of Dithmenos.
  1986 | D:3      | Found a hide-covered altar of Uskayaw.
  2016 | D:3      | Found a glowing drain.
  2064 | D:3      | Identified the +1 robe "Lucenadgh" {rPois Slay+6}
  2247 | Sewer    | Entered a sewer
  2317 | Sewer    | Noticed a kobold brigand
  2317 | Sewer    | Noticed a kobold brigand
  2339 | Sewer    | Killed a kobold brigand
  2340 | Sewer    | Reached skill level 4 in Short Blades
  2340 | Sewer    | Reached XP level 5. HP: 24/42 MP: 5/5
  2501 | D:3      | Became a worshipper of Uskayaw the Reveller
  2501 | D:3      | Reached * piety under Uskayaw
  2586 | D:4      | Reached ** piety under Uskayaw
  2588 | D:4      | Gained mutation: You sometimes emit foul miasma when
                  | damaged in melee. [demonic ancestry]
  2588 | D:4      | Reached XP level 6. HP: 40/48 MP: 6/6
  2755 | D:4      | Reached *** piety under Uskayaw
  2837 | D:4      | Reached skill level 5 in Short Blades
  3064 | D:4      | Found a broken altar of Ashenzari.
  3067 | D:4      | Found a shimmering altar of Xom.
  3072 | D:4      | Found a burning altar of Makhleb.
  3824 | D:5      | Entered Level 5 of the Dungeon
  3958 | D:5      | Gained mutation: You are partially covered in icy blue
                  | scales. (AC +2) [demonic ancestry]
  3958 | D:5      | Reached XP level 7. HP: 50/55 MP: 7/7
  4227 | D:5      | Reached skill level 5 in Fighting
  4459 | D:6      | Noticed Prince Ribbit
  4466 | D:6      | Killed Prince Ribbit
  4467 | D:6      | Reached skill level 6 in Short Blades
  4516 | D:6      | Found a staircase to the Ecumenical Temple.
  4538 | D:6      | Reached skill level 5 in Dodging
  4538 | D:6      | Gained mutation: You are mostly covered in icy blue scales.
                  | (AC +3) [demonic ancestry]
  4538 | D:6      | Reached XP level 8. HP: 50/63 MP: 8/8
  4867 | D:6      | Found a basalt altar of Yredelemnul.
  5005 | D:6      | Found a shimmering blue altar of Sif Muna.
  5079 | D:6      | Reached skill level 7 in Short Blades
  5198 | D:6      | Found a stormy altar of Qazlal.
  5367 | D:7      | Noticed Joseph
  5380 | D:7      | Killed Joseph
  5393 | D:7      | Slain by a wyvern

Illustrated notes

Levels and vault maps discovered:
D:1:      tarquinn_simple_flora_water_f, layout_loops_ring,
          shapermc_ecumenical_altar_petra
D:2:      layout_basic, basic_altar, serial_bayou_pond_b,
          chequers_serial_rivers_micro_b, nrook_uturn, minmay_pentomino_pile
D:3:      layout_loops_ring, mainiacjoe_overflow_six_doors_small,
          general_overflow_altar, portal_sewer_entry_f, minmay_hedge_maze,
          st_stairs_5
D:4:      layout_gridville, nicolae_overflow_hidden_temple, chequers_big_river
D:5:      layout_loops_ring
D:6:      layout_basic, amcnicky_altar_gilded, old_standard_altar,
          lemuel_round_altar, minmay_temple_entry_drinking_statues,
          uniq_prince_ribbit1
D:7:      cheibrodos_shockbox, layout_basic, minivault_4, kb_rosetta,
          uniq_pikel, uniq_joseph

Skill      XL: |  1  2  3  4  5  6  7  8 |
---------------+-------------------------+-----
Short Blades   | 3 4 5 6 7 |  7.9
Dodging        | 3 4 5 |  5.9
Fighting       | 4 5 6 |  6.4

Action                     |  1- 3 |  4- 6 |  7- 9 || total
---------------------------+-------+-------+-------++-------
  Melee: Short sword       |   138 |   163 |   114 ||   415
    Use: Scroll            |       |     4 |       ||     4
         Potion            |       |       |     2 ||     2
   Stab: Paralysed         |       |       |     3 ||     3
 Armour: Robe              |     6 |       |       ||     6
         Steam dragon scal |    39 |    42 |    32 ||   113
  Dodge: Dodged            |    82 |    98 |    69 ||   249

Table legend: (Time is in decaauts)
 A = Elapsed time spent in this place.
 B = Non-inter-level travel time spent in this place.
 C = Inter-level travel time spent in this place.
 D = Time resting spent in this place.
 E = Time spent auto-exploring this place.
 F = Levels seen in this place.
 G = Mean time per level.
                   A        B        C        D        E       F      G
               +--------+--------+--------+--------+--------+-----+--------+
         Total |   5333 |   5019 |    314 |      0 |   4203 |   8 |  666.6 |
       Dungeon |   5096 |   4782 |    314 |      0 |   4023 |   7 |  728.0 |
         Sewer |    237 |    237 |      0 |      0 |    180 |   1 |  237.0 |
               +--------+--------+--------+--------+--------+-----+--------+

Top non-repeatable levels by time:
     D:4: 1254 daAuts
     D:6: 888 daAuts
     D:3: 806 daAuts
     D:1: 805 daAuts
     D:2: 702 daAuts
     D:5: 618 daAuts
   Sewer: 237 daAuts
     D:7: 20 daAuts
